 Dungeon Crawl Stone Soup version 0.28.0-43-g3370ac3207 (webtiles) character file.

Game seed: 11368434541442543083

13499 crimpus the Basher (level 11, -5/157 HPs)
             Began as a Minotaur Berserker on Mar 16, 2022.
             Was an Elder of Trog.
             Slain by WindUpCitrus's ghost (9 damage)
             ... on level 7 of the Dungeon on Mar 17, 2022.
             The game lasted 00:23:09 (11815 turns).

crimpus the Basher (Minotaur Berserker)            Turns: 11815, Time: 00:23:09

Health: -5/157     AC: 25    Str: 25    XL:     11   Next: 76%
Magic:  10/10      EV:  2    Int:  4    God:    Trog [****..]
Gold:   498        SH:  0    Dex: 11    Spells: 10/10 levels left

rFire   . . .      SeeInvis .   E - +5 morningstar
rCold   . . .      Faith    .   (no shield)
rNeg    . . .      Spirit   .   (armour currently unavailable)
rPois   +          Reflect  .   (helmet currently unavailable)
rElec   .          Harm     .   (cloak currently unavailable)
rCorr   .          Rampage  .   (gloves currently unavailable)
Will    .....      NoTele   +   (boots currently unavailable)
Stlth   +.........              B - amulet of regeneration
HPRegen 1.16/turn               y - ring of flight
MPRegen 0.12/turn               (no ring)

@: mighty, brilliant, lethally poisoned (-5 -> -18), tree-form, on berserk
cooldown, attractive, hasted and slowed, studying Fighting
A: stationary, stasis, torment immunity, boosted hp, (horns 2), (retaliatory
headbutt), sense surroundings 1, no potion heal 1
a: Renounce Religion, Berserk, Trog's Hand, Brothers in Arms


You were on level 7 of the Dungeon.
You worshipped Trog.
Trog was greatly pleased with you.
You were a tree.
You visited 1 branch of the dungeon, and saw 9 of its levels.
You also visited: Bailey.

You collected 498 gold pieces.

Inventory:

Hand Weapons
 a - a +0 mace
 p - a +0 dire flail
 x - a +2 whip of flaming
 C - a +2 broad axe of flaming
 E - a +5 morningstar (weapon)
 G - a +0 flail
 K - a +0 great mace
Missiles
 l - 2 throwing nets (quivered)
Armour
 r - a +1 pair of gloves (melded)
 u - a +0 plate armour (melded)
 D - +0 swamp dragon scales
Jewellery
 y - a ring of flight (left branch)
 B - an amulet of regeneration (around neck)
Wands
 m - a wand of polymorph (12)
 t - a wand of flame (46)
 v - a wand of charming (22)
 F - a wand of acid (9)
 H - a wand of iceblast (6)
Scrolls
 d - 2 scrolls of enchant weapon
 e - 4 scrolls of fog
 o - 2 scrolls of fear
 q - 4 scrolls of teleportation
 z - 3 scrolls of blinking
 L - a scroll of enchant armour
Potions
 c - 2 potions of degeneration
 f - 3 potions of heal wounds {unknown}
 g - a potion of ambrosia
 h - 2 potions of might
 i - 2 potions of flight
 k - 4 potions of berserk rage
 s - 2 potions of lignification
 w - 2 potions of magic
 A - 3 potions of haste


   Skills:
 + Level 12.4 Fighting
 - Level 14.8 Maces & Flails
 - Level 12.9 Armour
 - Level 5.2 Dodging


You had 10 spell levels left.
You didn't know any spells.
Your spell library was empty.

Dungeon Overview and Level Annotations

Branches:
Dungeon (9/15)             Temple (0/1) D:7            Lair (0/6) D:9
    Orc (0/2) D:9          Bailey (visited)

Altars:
Zin

Annotations:
D:7 Selrock's ghost, novice DsBe; WindUpCitrus's ghost, novice DjFE


Innate Abilities, Weirdness & Mutations

You are a tree.
Your roots penetrate the ground, keeping you stationary.
You cannot be teleported.
You are immune to unholy pain and torment.
Your maximum health is greatly increased.
Your equipment is partially melded.
((You have a pair of horns on your head.))
((You reflexively headbutt those who attack you in melee.))
You passively map a small area around you.
Potions are less effective at restoring your health.


Message History

WindUpCitrus's ghost hits you but does no damage.
Selrock's ghost hits you but does no damage.
You are more poisoned.
You barely miss Selrock's ghost.
Selrock's ghost is severely damaged.
You feel very sick. WindUpCitrus's ghost hits you!
* * * LOW HITPOINT WARNING * * *
x2 Selrock's ghost hits you.
* * * LOW HITPOINT WARNING * * *
You are more poisoned.
You barely miss Selrock's ghost. You headbutt Selrock's ghost!
Selrock's ghost is almost destroyed.
You feel very sick. WindUpCitrus's ghost hits you.
* * * LOW HITPOINT WARNING * * *
x2 Selrock's ghost hits you but does no damage.
You are more poisoned.
You turn into a tree.
Your +1 pair of gloves melds into your body.
Your +0 plate armour melds into your body.
Your roots penetrate the ground.
* * * LOW HITPOINT WARNING * * *
You feel extremely sick.
WindUpCitrus's ghost hits you but does no damage.
Selrock's ghost hits you but does no damage.
You are lethally poisoned!
You cannot move. (Use ctrl+direction or * direction to attack without moving.)
You cannot move. (Use ctrl+direction or * direction to attack without moving.)
You cannot move. (Use ctrl+direction or * direction to attack without moving.)
You swing at nothing.
* * * LOW HITPOINT WARNING * * *
You feel extremely sick.
Okay, then.
It was a potion of brilliance.
You feel clever all of a sudden.
You feel less confused.
* * * LOW HITPOINT WARNING * * *
You feel extremely sick. WindUpCitrus's ghost hits you!
You die...

###.##### #.#
........#####* #.#
.....####![8.#####.#
####.#
#8....#..##.## #.#
......#...#..#
####.#
......'...##.#
.....#
⌠.....'...##.#
####.#
......'.W.##.# #.#
?.....#.W♣##.#
#.###8....#...##.#
#...##($8$##.....#
#.##########..####
#.# #.#..### #.#
#.#....##
#.########.#.###.#
#..........#.# #.#
###..........#.###.#


You could see Selrock's ghost and WindUpCitrus's ghost.

Vanquished Creatures
  2 hydras
  2 vault guards (Bailey)
  A two-headed ogre (D:9)
  The ghost of Jase the Nimble, a novice GnWn of Ashenzari (D:9)
  The ghost of Jingleheimer the Grappler, a novice TrMo (D:7)
  The ghost of safid the Cleaver, a novice HOFi of Beogh (D:7)
  Pikel (D:5)
  An elephant (D:9)
  Joseph (D:6)
  Maggie (D:6)
  A polar bear (D:9)
  Prince Ribbit (Bailey)
  2 wyverns
  2 spriggans (D:9)
  7 humans (Bailey)
  6 yaks (D:9)
  2 basilisks (D:9)
  A steam dragon (D:9)
  2 water moccasins
  Duvessa (D:7)
  3 orc warriors
  2 sky beasts
  4 ogres
  A kobold brigand (D:9)
  10 bullfrogs
  A gnoll sergeant (D:6)
  3 scorpions
  Dowan (D:7)
  3 killer bees (D:9)
  15 wights
  5 electric eels (D:9)
  6 howler monkeys (D:9)
  A bullfrog zombie (D:6)
  A centaur zombie (D:9)
  4 jellies
  A gnoll shaman (D:5)
  A hound (D:4)
  4 orc priests
  2 bullfrog skeletons
  Ijyb (D:3)
  Jessica (D:3)
  An iguana (D:6)
  6 orc wizards
  A killer bee zombie (D:7)
  A howler monkey skeleton (D:5)
  17 gnolls
  7 adders
  A shadow imp (D:7)
  An ufetubus (D:4)
  A worm (D:4)
  A dart slug (D:2)
  28 orcs
  6 endoplasms
  5 giant cockroaches
  10 goblins
  9 hobgoblins
  7 jackals
  A quokka (D:1)
  5 ball pythons
  A bat (D:2)
  A frilled lizard (D:2)
  4 kobolds
  4 rats
225 creatures vanquished.

Vanquished Creatures (others)
  2 fungi (D:9)
  5 plants (D:9)
  2 withered plants (D:7)
9 creatures vanquished.

Grand Total: 234 creatures vanquished

Notes
Turn   | Place    | Note
-------+----------+-------------------------------------------
     0 | D:1      | crimpus the Minotaur Berserker began the quest for the Orb.
     0 | D:1      | Reached XP level 1. HP: 19/19 MP: 0/0
   870 | D:1      | Reached XP level 2. HP: 27/27 MP: 1/1
   934 | D:1      | Found a faded altar of an unknown god.
   989 | D:1      | Reached skill level 4 in Maces & Flails
  1351 | D:2      | Reached XP level 3. HP: 33/33 MP: 2/2
  2133 | D:3      | Reached XP level 4. HP: 40/40 MP: 3/3
  2448 | D:3      | Noticed a sky beast
  2459 | D:3      | Killed a sky beast
  2459 | D:3      | Reached ** piety under Trog
  2460 | D:3      | Reached skill level 5 in Maces & Flails
  2460 | D:3      | Reached XP level 5. HP: 47/47 MP: 4/4
  2760 | D:3      | Noticed Jessica
  2764 | D:3      | Killed Jessica
  3202 | D:3      | Reached skill level 5 in Armour
  3202 | D:3      | Reached XP level 6. HP: 53/53 MP: 5/5
  3751 | D:3      | Noticed Ijyb
  3760 | D:3      | Killed Ijyb
  4018 | D:4      | Reached skill level 6 in Maces & Flails
  4186 | D:4      | Reached skill level 5 in Fighting
  4316 | D:4      | Reached XP level 7. HP: 54/61 MP: 6/6
  4696 | D:5      | Entered Level 5 of the Dungeon
  4709 | D:5      | Found a glowing silver altar of Zin.
  4927 | D:5      | Reached skill level 7 in Maces & Flails
  5385 | D:5      | Identified the +0 robe of the Mind {rElec}
  5747 | D:5      | Reached skill level 8 in Maces & Flails
  5747 | D:5      | Reached XP level 8. HP: 41/70 MP: 7/7
  6090 | D:6      | Noticed Pikel
  6109 | D:5      | Killed Pikel
  6110 | D:5      | Reached skill level 9 in Maces & Flails
  7120 | D:6      | Noticed Maggie
  7133 | D:6      | Killed Maggie
  7134 | D:6      | Reached XP level 9. HP: 78/78 MP: 8/8
  7784 | D:7      | Noticed Joseph
  7802 | D:6      | Killed Joseph
  7803 | D:6      | Reached skill level 10 in Maces & Flails
  8296 | D:7      | Found a runed translucent gate.
  8296 | D:7      | Found a runed translucent gate.
  8298 | D:7      | Found a runed translucent gate.
  8299 | D:7      | Noticed Selrock's ghost (novice DsBe)
  8300 | D:7      | Noticed safid's ghost (novice HOFi)
  8300 | D:7      | Noticed Jingleheimer's ghost (novice TrMo)
  8300 | D:7      | Noticed WindUpCitrus's ghost (novice DjFE)
  8475 | D:7      | Reached skill level 10 in Armour
  8561 | D:7      | Noticed Duvessa
  8575 | D:7      | Killed Duvessa
  8580 | D:7      | Noticed Dowan
  8593 | D:7      | Killed Dowan
  8783 | D:7      | Noticed an eight-headed hydra
  8791 | D:7      | Killed an eight-headed hydra
  8792 | D:7      | Reached skill level 11 in Maces & Flails
  8792 | D:7      | Reached XP level 10. HP: 88/88 MP: 9/9
  8866 | D:7      | Found a staircase to the Ecumenical Temple.
  9418 | D:8      | Reached *** piety under Trog
  9436 | D:8      | Noticed an eight-headed hydra
  9447 | D:8      | Killed an eight-headed hydra
  9483 | D:8      | Reached skill level 12 in Maces & Flails
  9547 | D:8      | You are sucked into a shaft and drop 1 floor!
  9552 | D:9      | Found a staircase to the Lair.
  9552 | D:9      | Noticed an elephant
  9562 | D:9      | Killed an elephant
  9683 | D:9      | Found a runed translucent door.
  9686 | D:9      | Noticed Jase's ghost (novice GnWn)
  9686 | D:9      | Identified the +1 spear of Kocueriq {vorpal, +Blink rF+
                  | Will+ Int+4}
  9726 | D:9      | Reached skill level 5 in Dodging
  9842 | D:9      | Reached skill level 13 in Maces & Flails
 10041 | D:9      | Found a flagged portal.
 10053 | Bailey   | Entered a bailey
 10067 | Bailey   | Reached XP level 11. HP: 95/97 MP: 10/10
 10292 | Bailey   | Reached **** piety under Trog
 10316 | Bailey   | Noticed a vault guard
 10321 | Bailey   | Killed a vault guard
 10458 | Bailey   | Noticed Prince Ribbit
 10458 | Bailey   | Noticed a vault guard
 10470 | Bailey   | Killed a vault guard
 10471 | Bailey   | Reached skill level 14 in Maces & Flails
 10472 | Bailey   | Killed Prince Ribbit
 10473 | Bailey   | Reached skill level 10 in Fighting
 10781 | D:9      | Found a staircase to the Orcish Mines.
 10907 | D:9      | Noticed a two-headed ogre
 10929 | D:9      | Killed a two-headed ogre
 11222 | D:9      | Killed Jase's ghost
 11738 | D:7      | Identified a scroll of acquirement
 11738 | D:7      | Acquired a manual of Fighting
 11776 | D:7      | Gained mutation: Potions are less effective at restoring
                  | your health. [potion of mutation]
 11776 | D:7      | Gained mutation: You passively map a small area around you.
                  | [potion of mutation]
 11798 | D:7      | Killed Jingleheimer's ghost
 11804 | D:7      | Killed safid's ghost
 11815 | D:7      | HP: 4/157 [poisoned by Selrock's ghost]
 11815 | D:7      | Slain by WindUpCitrus's ghost

Illustrated notes

Levels and vault maps discovered:
D:1:      evilmike_arrival_hilbert_curve, layout_loops_ring,
          dreamdust_ecumenical_altar_grove
D:2:      layout_rooms, grunt_decor_mini_mirrors, minivault_26
D:3:      layout_loops_corners, uniq_jessica, uniq_ijyb
D:4:      layout_loops_ring
D:5:      layout_loops_cross, mainiacjoe_overflow_24_doors
D:6:      layout_loops_cross, uniq_pikel, uniq_maggie
D:7:      layout_loops_ring, minmay_temple_entry_fiery,
          gammafunk_ghost_cemetery, uniq_joseph, uniq_duvessa
D:8:      layout_layer_cave
D:9:      layout_irregular_city, david_lair_generic, enter_bailey_3,
          ebering_ghost_funeral_grove, minmay_statues_item, st_stairs_11,
          kennysheep_boxes

Skill      XL: |  1  2  3  4  5  6  7  8  9 10 11 |
---------------+----------------------------------+-----
Maces & Flails | 4 5 6 8 9 11 13 14 | 14.8
Fighting       | 4 5 6 8 9 12 | 12.4
Armour         | 3 4 5 7 9 10 12 | 12.9
Dodging        | 3 4 5 |  5.2

Action                   |  1- 3 |  4- 6 |  7- 9 | 10-12 || total
-------------------------+-------+-------+-------+-------++-------
Melee: Mace              |    64 |    71 |    71 |       ||   206
       Headbutt          |     7 |     9 |    50 |    47 ||   113
       Punch             |     1 |       |     2 |     3 ||     6
       Whip              |       |       |   164 |    11 ||   175
       Morningstar       |       |       |       |   240 ||   240
Invok: Berserk           |     2 |     5 |    12 |     9 ||    28
       Trog's Hand       |       |       |     1 |       ||     1
  Use: Scroll            |       |     2 |    10 |     1 ||    13
       Potion            |       |       |       |    10 ||    10
Armor: Ring mail         |     4 |       |       |       ||     4
       Animal skin       |     1 |       |       |       ||     1
       Chain mail        |    26 |    30 |    39 |       ||    95
       Swamp dragon scal |       |       |    23 |       ||    23
       Plate armour      |       |       |    13 |   144 ||   157
       Skin              |       |       |       |     2 ||     2
Dodge: Dodged            |    34 |    34 |    95 |   107 ||   270
